 Dungeon Crawl Stone Soup version 0.25-a0-24-g72dcfe0359 (webtiles) character file.

Game seed: 3574424559167353192, levelgen mode: deterministic

91 Dycilia the Shooter (level 4, 39/39 HPs)
             Began as a Minotaur Hunter on Oct 17, 2019.
             Quit the game on level 2 of the Dungeon.
             The game lasted 00:03:51 (1845 turns).

Dycilia the Shooter (Minotaur Hunter)               Turns: 1845, Time: 00:03:52

Health: 39/39      AC:  5    Str: 17    XL:     4   Next: 34%
Magic:  3/3        EV: 11    Int:  8    God:
Gold:   73         SH:  0    Dex: 11    Spells: 3/3 levels left

rFire    . . .     SeeInvis .   a - +1 shortbow
rCold    . . .     Gourm    .   (shield currently unavailable)
rNeg     . . .     Faith    .   e - +0 ring mail
rPois    .         Spirit   .   (helmet restricted)
rElec    .         Reflect  .   (no cloak)
rCorr    .         Harm     .   (no gloves)
MR       .....                  (no boots)
Stlth    +.........             (no amulet)
HPRegen  0.13/turn              (no ring)
MPRegen  0.08/turn              (no ring)

@: no status effects
A: retaliatory headbutt, horns 2
a: no special abilities


You were on level 2 of the Dungeon.
You were not hungry.

You visited 1 branch of the dungeon, and saw 2 of its levels.

You collected 73 gold pieces.

Inventory:

Hand Weapons
 a - a +1 shortbow (weapon)
 b - a +0 short sword
Missiles
 d - 41 arrows (quivered)
Armour
 c - a +0 leather armour
 e - a +0 ring mail (worn)
Jewellery
 m - an uncursed ring of magical power {unknown}
 o - a +3 ring of evasion {unknown}
Scrolls
 g - 3 scrolls of enchant armour {unknown}
 l - 2 scrolls of teleportation {unknown}
Potions
 h - 2 potions of curing {unknown}
 i - a potion of resistance {unknown}
 j - a potion of agility {unknown}
 k - a potion of might {unknown}
 n - a potion of flight {unknown}
 p - a potion of heal wounds {unknown}
Comestibles
 f - 2 rations


   Skills:
 + Level 3.6 Fighting
 + Level 5.1 Bows
 + Level 1.8 Armour
 - Level 2.6 Dodging
 - Level 1.3 Stealth


You had 3 spell levels left.
You didn't know any spells.
Your spell library was empty.

Dungeon Overview and Level Annotations

Branches:
Dungeon (2/15)

Altars:


Innate Abilities, Weirdness & Mutations

You reflexively headbutt those who attack you in melee.
You have a pair of horns on your head.


Message History

You shoot an arrow. The arrow hits the kobold.
You kill the kobold!
o - an iron ring You see here 3 stones.
d - 36 arrows (gained 1)
d - 37 arrows (gained 1)
You butcher the goblin corpse.
p - 2 chunks of flesh You see here a goblin skeleton. x2
Eating one of 2 chunks of flesh.
You eat one of the 2 chunks of flesh.
This raw flesh tastes terrible.
You are feeling hungry.
Eating a chunk of flesh.
You eat the chunk of flesh.
This raw flesh tastes terrible.
d - 38 arrows (gained 1)
There is a stone staircase leading down here.
d - 41 arrows (gained 3)
p - a purple potion Unknown command.
Are you sure you want to abandon this character and quit the game? (Confirm with "yes".)

#........# .#
#........# .#
##........##### .#
#.........+...#+#.#
#.........###.....#
#.. ......#...@...#
##.#####..##.#.....#
+........(...รท.>...#
##.###.....#.#..####
#.# #.....#.#.......#
#.# #.......#....####
#.# ######..+....+
#.# #.##....# #.#
#..#....#


There were no monsters in sight!

Vanquished Creatures
  5 gnolls
  A worm (D:2)
  2 dart slugs (D:1)
  2 ball pythons (D:1)
  2 bats (D:1)
  A giant cockroach (D:1)
  6 goblins
  3 hobgoblins (D:1)
  2 frilled lizards
  6 kobolds
  7 rats
37 creatures vanquished.

Notes
Turn   | Place    | Note
-------+----------+-------------------------------------------
     0 | D:1      | Dycilia the Minotaur Hunter began the quest for the Orb.
     0 | D:1      | Reached XP level 1. HP: 18/18 MP: 0/0
    40 | D:1      | Reached skill level 1 in Stealth
    40 | D:1      | Reached XP level 2. HP: 4/25 MP: 1/1
   783 | D:1      | Reached XP level 3. HP: 31/31 MP: 2/2
  1325 | D:2      | Reached skill level 1 in Armour
  1373 | D:2      | Reached skill level 5 in Bows
  1373 | D:2      | Reached XP level 4. HP: 9/38 MP: 3/3
  1845 | D:2      | Quit the game

Levels and vault maps discovered:
D:1:      minmay_arrival_checkered_box, layout_basic
D:2:      layout_basic, serial_bayou_crossing

Skill      XL: |  1  2  3 |
---------------+----------+-----
Stealth        | 1 |  1.3
Fighting       | 3 |  3.6
Armour         | 1 |  1.8
Bows           | 5 |  5.1
Dodging        | |  2.6

Action                   |  1- 3 |  4- 6 || total
-------------------------+-------+-------++-------
 Fire: Shortbow          |   101 |    17 ||   118
  Eat: Chunk             |     1 |     2 ||     3
Armor: Ring mail         |     7 |     3 ||    10
Dodge: Dodged            |    20 |     3 ||    23

Table legend:
 A = Non-vault XP
 B = Vault XP
 C = Vault XP percentage of total XP
 D = Non-vault monster count
 E = Vault monster count
 F = Vault count percentage of total count
                 A         B        C        D         E       F
            +---------+---------+-------+---------+---------+-------
      Total |     131 |       0 |   0.0 |      37 |       0 |   0.0
            +---------+---------+-------+---------+---------+-------
        D:1 |      54 |       0 |   0.0 |      23 |       0 |   0.0
        D:2 |      77 |       0 |   0.0 |      14 |       0 |   0.0
            +---------+---------+-------+---------+---------+-------
